 Dungeon Crawl Stone Soup version 0.29.0-4-gdea44cf6ec (webtiles) character file.

Game seed: 16515211500590967885

58 qw the Chopper (level 4, -1/26 HPs)
             Began as a Tengu Warper on Aug 28, 2022.
             Slain by a gnoll
             ... wielding a +0 whip of distortion
              (2 damage)
             ... on level 2 of the Dungeon.
             The game lasted 00:00:06 (982 turns).

qw the Chopper (Tengu Warper)                        Turns: 982, Time: 00:00:06

Health: -1/26      AC:  3    Str: 13    XL:     4   Next: 2%
Magic:  8/8        EV: 12    Int: 14    God:
Gold:   55         SH:  0    Dex: 13    Spells: 7/7 levels left

rFire   . . .      SeeInvis +   Y - +0 hand axe
rCold   . . .      Faith    .   (no shield)
rNeg    . . .      Spirit   .   b - +0 leather armour
rPois   .          Reflect  .   (helmet restricted)
rElec   .          Harm     .   (no cloak)
rCorr   +          Rampage  .   (no gloves)
Will    .....                   (boots unavailable)
Stlth   +.........              (no amulet)
HPRegen 0.08/turn               i - ring of resist corrosion
MPRegen 0.11/turn               k - ring of see invisible

@: no status effects
A: beak, talons 3
a: no special abilities


You were on level 2 of the Dungeon.
You visited 1 branch of the dungeon, and saw 2 of its levels.

You collected 55 gold pieces.


Innate Abilities, Weirdness & Mutations

You have a beak for a mouth.
You have claws for feet.


   Skills:
 - Level 2.0 Fighting
 + Level 4.6 Axes
 - Level 1.0 Throwing
 - Level 1.1 Armour
 - Level 2.1 Dodging
 - Level 2.0 Spellcasting
 - Level 2.4 Translocations


You had 7 spell levels left.
You didn't know any spells.
Your spell library contained the following spells:

 Spells                   Type           Power      Damage    Failure   Level
 Blink                    Tloc           16%        N/A       17%         2
 Gell's Gravitas          Tloc           8%         N/A       34%         3
 Lesser Beckoning         Tloc           8%         N/A       34%         3
 Teleport Other           Tloc           8%         N/A       34%         3
 Manifold Assault         Tloc           8%         N/A       97%         5

Inventory:

Hand Weapons
 l - a +0 mace
 Y - a +0 hand axe (weapon)
Armour
 b - a +0 leather armour (worn)
Jewellery
 i - a ring of resist corrosion (left hand)
 k - a ring of see invisible (right hand)
Potions
 d - a potion of cancellation {unknown}
 f - a potion of magic {unknown}
 h - a potion of degeneration {unknown}
 j - a potion of brilliance {unknown}

Dungeon Overview and Level Annotations

Branches:
Dungeon (2/15)

Altars:


Message History

You peck the hobgoblin, but do no damage.
The hobgoblin is almost dead.
A gnoll comes into view. It is wielding a +0 flail.
The hobgoblin hits you.
The gnoll shouts!
You hit the hobgoblin.
You kill the hobgoblin!
You hear a shout!
The gnoll barely misses you.
975 ||| Stepping ~*~*~tactically~*~*~ (stealth).
The gnoll attacks as you move away! The gnoll hits you with a +0 flail.
Found 9 gold pieces.
You see here a scroll labelled REIK JAEGGEAS.
976 ||| Stepping ~*~*~tactically~*~*~ (stealth).
977 ||| Stepping ~*~*~tactically~*~*~ (stealth).
The goblin shouts!
You hit the gnoll but do no damage. You claw the gnoll.
The gnoll is moderately wounded.
You hear an angry hiss.
A gnoll comes into view. It is wielding a +0 whip of distortion.
The goblin unwields a +0 dagger.
The goblin wields a +0 sling.
The goblin shoots a sling bullet.
The sling bullet hits you. The gnoll closely misses you.
You completely miss the gnoll. Your kick misses the gnoll. You peck the gnoll.
The gnoll is heavily wounded.
The gnoll misses you.
The goblin shoots a sling bullet.
The sling bullet barely misses you.
You hit the gnoll. Your kick misses the gnoll.
You peck the gnoll, but do no damage.
The gnoll is almost dead.
The gnoll hits you with a +0 flail!
The goblin shoots a sling bullet.
The sling bullet hits you.
You hit the gnoll.
You kill the gnoll!
The goblin shoots a sling bullet.
The sling bullet hits you.
You have reached level 4!
You feel clever.
You closely miss the gnoll. You claw the gnoll, but do no damage.
An adder comes into view.
The gnoll hits you with a +0 whip of distortion.
You die...

..........
..........
##.....#.$.. ###
#.............
....#.............
..................
....#.......#.....
.....?#@...#......
#......g..g.g.S.=.
#.....##?##...>...
........%.....(...
......###.........
..........<.......
####.###..........
#.......)..
##.........


You could see a gnoll, an adder, a hobgoblin and a goblin.

Vanquished Creatures
  2 gnolls
  An adder (D:2)
  A dart slug (D:1)
  2 bats (D:1)
  An endoplasm (D:1)
  A giant cockroach (D:1)
  5 goblins (D:1)
  2 hobgoblins
  A kobold (D:1)
  2 quokkas (D:1)
  7 ball pythons
  A frilled lizard (D:1)
  A rat (D:1)
27 creatures vanquished.

Notes
Turn   | Place    | Note
-------+----------+-------------------------------------------
     0 | D:1      | qw the Tengu Warper began the quest for the Orb.
     0 | D:1      | Reached XP level 1. HP: 12/12 MP: 4/4
     0 | D:1      | 0 ||| qw: Version: 0.1-a-89-g26bdef1
     0 | D:1      | 0 ||| qw: Game counter: 3130
     0 | D:1      | 0 ||| qw: Always use a shield: true
     0 | D:1      | 0 ||| qw: God list: Okawaru
     0 | D:1      | 0 ||| qw: Allow faded altars: false
     0 | D:1      | 0 ||| qw: Do Orc after D:15 true
     0 | D:1      | 0 ||| qw: Do second Lair branch before Depths: true
     0 | D:1      | 0 ||| qw: Lair rune preference: random
     0 | D:1      | 0 ||| qw: Plans: Normal
     0 | D:1      | 0 ||| PLANNING D:1-11
   287 | D:1      | Reached XP level 2. HP: 17/17 MP: 6/6
   290 | D:1      | Reached skill level 3 in Axes
   399 | D:1      | 399 ||| Stepping ~*~*~tactically~*~*~ (stealth).
   401 | D:1      | 401 ||| Stepping ~*~*~tactically~*~*~ (stealth).
   516 | D:1      | 516 ||| DROPPING +0 club.
   569 | D:1      | Reached XP level 3. HP: 21/21 MP: 7/7
   572 | D:1      | Found a faded altar of an unknown god.
   847 | D:1      | 847 ||| UPGRADING to ring of resist corrosion.
   848 | D:1      | 848 ||| UPGRADING to ring of see invisible.
   849 | D:1      | 849 ||| READING scroll labelled QEOMNALUCW.
   850 | D:1      | 850 ||| READING scroll labelled CYEJOAMAEP.
   851 | D:1      | 851 ||| READING scroll labelled XOTHRO IFUFEGG.
   852 | D:1      | 852 ||| DROPPING scroll of blinking.
   883 | D:2      | 883 ||| STAIRDANCE
   888 | D:1      | Reached skill level 4 in Axes
   957 | D:2      | 957 ||| Stepping ~*~*~tactically~*~*~ (stealth).
   958 | D:2      | 958 ||| Stepping ~*~*~tactically~*~*~ (hiding).
   975 | D:2      | 975 ||| Stepping ~*~*~tactically~*~*~ (stealth).
   976 | D:2      | 976 ||| Stepping ~*~*~tactically~*~*~ (stealth).
   977 | D:2      | 977 ||| Stepping ~*~*~tactically~*~*~ (stealth).
   980 | D:2      | HP: 2/21 [goblin/sling bullet (4)]
   982 | D:2      | Reached XP level 4. HP: 1/26 MP: 8/8
   982 | D:2      | Slain by a gnoll

Levels and vault maps discovered:
D:1:      minmay_arrival_glassed_features, layout_loops_ring,
          ebering_ecumenical_altar_ruins, minmay_vboxes
D:2:      layout_rooms

Skill      XL: |  1  2  3 |
---------------+----------+-----
Axes           | 3 4 |  4.6
Fighting       | |  2.0
Throwing       | |  1.0
Armour         | |  1.1
Dodging        | |  2.1
Spellcasting   | |  2.0
Translocations | |  2.4

Action                   |  1- 3 |  4- 6 || total
-------------------------+-------+-------++-------
Melee: Hand axe          |    58 |     1 ||    59
       Kick              |    14 |     1 ||    15
       Peck              |    11 |       ||    11
Throw: Boomerang         |     7 |       ||     7
  Use: Scroll            |     3 |       ||     3
Armor: Leather armour    |    14 |       ||    14
Dodge: Dodged            |    35 |       ||    35

Table legend:
 A = Non-vault XP
 B = Vault XP
 C = Vault XP percentage of total XP
 D = Non-vault monster count
 E = Vault monster count
 F = Vault count percentage of total count
                 A         B        C        D         E       F
            +---------+---------+-------+---------+---------+-------
      Total |      75 |       9 |  10.7 |      22 |       5 |  18.5
            +---------+---------+-------+---------+---------+-------
        D:1 |      45 |       9 |  16.7 |      18 |       5 |  21.7
        D:2 |      30 |       0 |   0.0 |       4 |       0 |   0.0
            +---------+---------+-------+---------+---------+-------
